 Dungeon Crawl Stone Soup version 0.19.0-24-gb05acd6 (webtiles) character file.

10217 loralnil the Carver (level 11, -10/142 HPs)
             Began as a Minotaur Fighter on Nov 20, 2016.
             Killed from afar by Frances (35 damage)
             ... with a shard of ice
             ... on level 12 of the Dungeon.
             The game lasted 00:23:03 (9603 turns).

loralnil the Carver (Minotaur Fighter)              Turns: 9603, Time: 00:23:04

Health: -10/142    AC: 16    Str: 29    XL:     11   Next: 33%
Magic:  10/10      EV: 12    Int:  5    God:
Gold:   487        SH: 15    Dex: 10    Spells: 0 memorised, 10 levels left

rFire  + . .     SeeInvis .     d - +7 falchion
rCold  . . .     Gourm    .     b - +1 scale mail
rNeg   . . .     Faith    .     m - +2 shield
rPois  .         Spirit   .     (helmet restricted)
rElec  .         Reflect  .     p - +0 cloak
rCorr  .         Harm     .     q - +2 pair of gloves
MR     .....                    (no boots)
Stlth  ..........               x - amulet of rage
                                a - ring of flight
                                B - ring of protection from fire

@: berserking (expiring), very slightly contaminated, invisible, very quick
A: retaliatory headbutt, horns 2, icy blue scales 1, sense surroundings 1
a: Evoke Berserk Rage, Evoke Flight


You were on level 12 of the Dungeon.
You were very hungry.

You visited 1 branch of the dungeon, and saw 13 of its levels.

You collected 487 gold pieces.

Inventory:

Hand Weapons
 d - a +7 falchion (weapon)
Armour
 b - a +1 scale mail (worn)
 m - a +2 shield (worn)
 p - a +0 cloak (worn)
 q - a +2 pair of gloves (worn)
Jewellery
 a - a ring of flight (right hand)
 x - an amulet of rage (around neck)
 B - a ring of protection from fire (left hand)
 L - an uncursed amulet of regeneration
Wands
 r - a wand of slowing (8/48)
 y - a wand of polymorph (17/24)
 G - a wand of disintegration (6/24)
 H - a wand of iceblast (5/15)
 M - a wand of flame (32/48)
Scrolls
 h - a scroll of magic mapping
 o - 2 scrolls of recharging {unknown}
 s - 2 scrolls of noise {unknown}
 v - a scroll of teleportation {unknown}
 w - 3 scrolls of fog
 A - 2 scrolls of amnesia
 C - 2 scrolls of vulnerability {unknown}
 F - a scroll of enchant armour
 I - a scroll of remove curse
 K - a scroll of brand weapon {unknown}
Potions
 g - a potion of berserk rage
 j - 11 potions of curing
 k - a potion of flight
 l - 3 potions of brilliance
 t - a potion of invisibility
 u - a potion of lignification
 z - a potion of agility
 D - a potion of ambrosia {unknown}
Comestibles
 c - a beef jerky
 f - 9 bread rations
 i - 2 slices of pizza
 n - 4 meat rations
 E - 10 royal jellies
 J - 6 fruits
 N - 4 chunks of flesh


   Skills:
 + Level 8.9 Fighting
 + Level 12.6 Long Blades
 + Level 9.3 Armour
 + Level 6.5 Dodging
 + Level 1.8 Stealth
 + Level 10.7 Shields


You had 10 spell levels left.
You didn't know any spells.

Dungeon Overview and Level Annotations

Branches:
Dungeon (13/15)            Temple (0/1) D:4
   Lair: D:8-11         Orc: D:9-12      Vaults: D:13-14

Altars:
Cheibriados
Dithmenos
Makhleb
Zin

Shops:
D:7 =

Annotations:
D:12 Frances


Innate Abilities, Weirdness & Mutations

You reflexively headbutt those who attack you in melee.
You have a pair of horns on your head.
You are partially covered in icy blue scales. (AC +2)
You passively map a small area around you.


Message History

The iron shot hits you!
* * * LOW HITPOINT WARNING * * *
You block the orange demon's attack. x2
You completely miss Frances. You headbutt Frances!
Frances is severely wounded.
You block Frances's attack. You block the hellwing's attack.
The hellwing hits you but does no damage.
You slash Frances! You headbutt Frances!
Frances is severely wounded.
You block the orange demon's attack. The orange demon barely misses you.
Frances chants phrases taken from a devil's mouth.
You closely miss Frances. You headbutt Frances.
Frances is almost dead.
You block the hellwing's attack.
The hellwing hits you but does no damage.
You slash Frances! You headbutt Frances.
Frances is almost dead.
Frances mutters in a terrible tongue.
The shard of ice hits you!
You die...

, , #.......# ..... , ,
, #.......# ..... ,
#.......# , .....$ ,
#.......# , , ......,, ,
, , #.......# *
#.....######...#########
,
...........#............
,
......44...#............
......@@...#............
,
...........#............
...........#............
..........†#............
,
...........#............
,
...........#............
##########.######......#
, , , #.............. ,
#..............


You could see Frances, an orange demon and a hellwing.

Vanquished Creatures
  An unseen horror (D:12)
  2 ugly things
  2 kobold demonologists (D:13)
  A troll (D:9)
  A hippogriff (D:8)
  Sigmund (D:4)
  2 wyverns (D:8)
  15 yaks
  A hungry ghost (D:12)
  Menkaure (D:4)
  2 soldier ants (D:8)
  Duvessa (D:7)
  2 orc warriors
  2 black bears (D:9)
  An eye of draining (D:9)
  3 sky beasts
  A phantom (D:7)
  5 ogres
  6 centaurs
  2 gnoll sergeants
  Blork the orc (D:5)
  6 bullfrogs
  A water moccasin zombie (D:7)
  2 scorpions
  Dowan (D:7)
  A wyvern skeleton (D:9)
  A wight (D:12)
  3 howler monkeys (D:9)
  An electric eel (D:7)
  4 crimson imps
  3 centaur zombies
  A bullfrog zombie (D:6)
  A jelly (D:6)
  5 orc priests
  4 centaur skeletons
  11 orc wizards
  A bullfrog skeleton (D:8)
  4 iguanas
  5 worker ants
  A killer bee zombie (D:10)
  A hound skeleton (D:7)
  A worker ant zombie (D:8)
  17 gnolls
  5 adders
  A shadow imp (D:5)
  2 adder zombies
  3 worms
  A dart slug (D:2)
  6 leopard geckos
  25 orcs
  3 ball pythons
  6 bats
  3 giant cockroaches
  5 goblins
  3 hobgoblins
  18 jackals
  10 kobolds
  3 quokkas
  4 frilled lizards
  2 leopard gecko skeletons
  A quokka zombie (D:8)
  6 rats
235 creatures vanquished.

Notes
Turn   | Place    | Note
-------+----------+-------------------------------------------
     0 | D:1      | loralnil the Minotaur Fighter began the quest for the Orb.
     0 | D:1      | Reached XP level 1. HP: 19/19 MP: 0/0
   173 | D:1      | Reached XP level 2. HP: 27/27 MP: 1/1
   671 | D:2      | Reached skill level 3 in Long Blades
   735 | D:2      | Reached XP level 3. HP: 31/33 MP: 2/2
   949 | D:2      | Found a shadowy altar of Dithmenos.
   950 | D:2      | Found a snail-covered altar of Cheibriados.
  1176 | D:3      | Reached XP level 4. HP: 40/40 MP: 3/3
  1210 | D:3      | Found a faded altar of an unknown god.
  1288 | D:3      | Reached skill level 4 in Long Blades
  1298 | D:3      | Reached XP level 5. HP: 28/47 MP: 4/4
  1672 | D:4      | Noticed Menkaure
  1683 | D:4      | Killed Menkaure
  1683 | D:4      | Reached skill level 5 in Shields
  1683 | D:4      | Reached XP level 6. HP: 4/53 MP: 5/5
  2022 | D:4      | Noticed Sigmund
  2038 | D:4      | Killed Sigmund
  2038 | D:4      | Reached skill level 5 in Long Blades
  2038 | D:4      | Reached skill level 5 in Armour
  2038 | D:4      | Reached skill level 1 in Dodging
  2361 | D:4      | Found a staircase to the Ecumenical Temple.
  2620 | D:5      | Entered Level 5 of the Dungeon
  2637 | D:5      | Noticed Blork the orc
  2649 | D:5      | Killed Blork the orc
  2649 | D:5      | Reached XP level 7. HP: 55/60 MP: 6/6
  2664 | D:5      | Reached skill level 6 in Long Blades
  2767 | D:5      | Reached skill level 1 in Stealth
  3120 | D:5      | Reached skill level 5 in Fighting
  3683 | D:6      | Reached skill level 7 in Long Blades
  3683 | D:6      | Reached XP level 8. HP: 52/68 MP: 7/7
  4014 | D:6      | Gained mutation: Your muscles are strong. (Str +2) [potion of mutation]
  4014 | D:6      | Gained mutation: Your muscles are very strong. (Str +4) [potion of mutation]
  4014 | D:6      | Gained mutation: Your mind is acute. (Int +2) [potion of mutation]
  4015 | D:6      | Gained mutation: Your body sometimes deteriorates upon taking damage. [potion of mutation]
  4015 | D:6      | Gained mutation: Armour fits poorly on your strangely shaped body. [potion of mutation]
  4016 | D:6      | Lost mutation: Your body sometimes deteriorates upon taking damage. [potion of cure mutation]
  4016 | D:6      | Lost mutation: Armour fits poorly on your strangely shaped body. [potion of cure mutation]
  4016 | D:6      | Lost mutation: Your muscles are very strong. (Str +4) [potion of cure mutation]
  4016 | D:6      | Lost mutation: Your mind is acute. (Int +2) [potion of cure mutation]
  4016 | D:6      | Lost mutation: Your muscles are strong. (Str +2) [potion of cure mutation]
  4017 | D:6      | Gained mutation: You passively map a small area around you. [potion of beneficial mutation]
  4621 | D:7      | Found Gixkaoq's Jewellery Boutique.
  4668 | D:7      | Reached skill level 8 in Long Blades
  4679 | D:7      | Noticed Duvessa
  4679 | D:7      | Noticed Dowan
  4690 | D:7      | Killed Dowan
  4696 | D:7      | Killed Duvessa
  5299 | D:7      | Reached XP level 9. HP: 60/75 MP: 8/8
  5414 | D:7      | Reached skill level 9 in Long Blades
  6766 | D:8      | Reached skill level 10 in Long Blades
  7393 | D:9      | Found a burning altar of Makhleb.
  7395 | D:9      | Found a glowing silver altar of Zin.
  7395 | D:9      | Noticed an angel
  7395 | D:9      | Noticed a blizzard demon
  7686 | D:9      | Reached XP level 10. HP: 86/86 MP: 9/9
  7861 | D:9      | Reached skill level 5 in Dodging
  8263 | D:9      | Reached skill level 11 in Long Blades
  8602 | D:10     | Entered Level 10 of the Dungeon
  8720 | D:10     | You fall through a shaft for 3 floors!
  8785 | D:13     | Noticed a cyan ugly thing
  8800 | D:13     | Killed a cyan ugly thing
  8914 | D:12     | Reached skill level 12 in Long Blades
  9107 | D:12     | Killed an unseen horror
  9107 | D:12     | Reached skill level 10 in Shields
  9107 | D:12     | Reached XP level 11. HP: 56/95 MP: 10/10
  9332 | D:12     | Gained mutation: You are partially covered in icy blue scales. (AC +2) [potion of beneficial mutation]
  9463 | D:12     | Noticed a green ugly thing
  9508 | D:12     | Killed a green ugly thing
  9569 | D:12     | Noticed Frances
  9603 | D:12     | Killed from afar by Frances

Skill      XL: |  1  2  3  4  5  6  7  8  9 10 |
---------------+-------------------------------+-----
Fighting       | 4 5 6 7 8 |  8.9
Long Blades    | 3 4 5 7 8 10 12 | 12.6
Shields        | 4 5 6 7 8 10 | 10.7
Armour         | 4 5 6 8 9 |  9.3
Dodging        | 1 2 3 4 6 |  6.5
Stealth        | 1 |  1.8

Action                   |  1- 3 |  4- 6 |  7- 9 | 10-12 || total
-------------------------+-------+-------+-------+-------++-------
Melee: Long sword        |    83 |    75 |   421 |    95 ||   674
       Headbutt          |    14 |    12 |   101 |    81 ||   208
       Falchion          |       |       |       |   222 ||   222
 Abil: Evoke Berserk Rag |       |       |       |     1 ||     1
  Use: Potion            |       |     2 |     6 |     5 ||    13
       Scroll            |       |       |     9 |    12 ||    21
 Stab: Invisible         |       |       |       |     1 ||     1
  Eat: Chunk             |       |     5 |    16 |     2 ||    23
       Beef jerky        |       |       |     4 |       ||     4
Armor: Scale mail        |    28 |    20 |   193 |    89 ||   330
Dodge: Dodged            |    15 |    20 |   143 |   108 ||   286
Block: Shield            |    49 |    46 |   238 |   173 ||   506
       Rpst.: Long sword |     4 |     6 |    32 |     4 ||    46
       Falchion          |       |       |       |    18 ||    18
